Kraken vs Oilers

Created - 11 janvier 2022 at 20:28

Goals
1 2 3 T
Kraken 0 1 5 6
Oilers 1 1 0 2
Shots
1 2 3 T
Kraken 10 13 19 42
Oilers 21 9 5 35

1st period

1. Oilers , Bobby Ryan 8 (Tomas Nosek 12) at 11:12

Penalties :
No Penalty

2nd period

2. Kraken , Anders Lee 13 (Zach Werenski 3, Conor Garland 17) at 2:19 (PP)
3. Oilers , Ben Street 6 (Jake Gardiner 2, Zack Kassian 2) at 18:51

Penalties :
Luke Schenn (EDM) for Hooking (Minor) at 1:53, Luke Schenn (EDM) for Fighting (Major) at 6:01, Ben Chiarot (SEA) for Fighting (Major) at 6:01, Chandler Stephenson (SEA) for Interference (Minor) at 16:35

3rd period

4. Kraken , Ryan Nugent-Hopkins 22 (Chandler Stephenson 24) at 3:42
5. Kraken , Conor Sheary 3 (Andrew Mangiapane 10, Mattias Ekholm 7) at 4:37
6. Kraken , Adam Erne 7 (Blake Lizotte 3) at 14:09
7. Kraken , Jack Hughes 6 (Anders Lee 15, Conor Garland 18) at 15:43
8. Kraken , Andrew Mangiapane 7 (Conor Sheary 4) at 16:34

Penalties :
No Penalty

Goalie Stats

Igor Shesterkin (SEA), 33 saves from 35 shots - (0,943), W, 9-7-5, 60:00 minutes
Kaapo Kahkonen (EDM), 36 saves from 42 shots - (0,857), L, 7-10-3, 60:00 minutes

Players Stats for Kraken

Player Name              G  A  P  +/- PIM S  H  SB GA TA FO     MP     PP MP  PK MP  
------------------------------------------------------------------------------------
Adam Erne                1  0  1   0  0   2  0  0  0  0  0/0     9:10   0:00   1:01 
Anders Lee               1  1  2   0  0   3  1  0  1  0  1/1    18:32   0:08   0:00 
Andrew Mangiapane        1  1  2   2  0   1  0  0  0  1  0/0    12:48   0:00   0:00 
Ben Chiarot              0  0  0   3  5   0  0  1  0  1  0/0    18:10   0:00   1:04 
Blake Lizotte            0  1  1   0  0   2  1  1  0  0  3/7     9:10   0:00   1:01 
Chandler Stephenson      0  1  1   0  2   2  5  0  0  0  21/31  18:48   0:18   0:00 
Colin Miller             0  0  0   2  0   1  3  2  0  0  0/0    17:38   0:18   0:00 
Conor Garland            0  2  2   0  0   4  0  0  1  1  1/1    18:32   0:08   0:00 
Conor Sheary             1  1  2   2  0   1  1  0  1  0  1/1    12:48   0:00   0:00 
Jack Hughes              1  0  1   0  0   7  0  2  3  1  10/19  18:32   0:08   0:00 
Jimmy Vesey              0  0  0   1  0   0  1  1  1  0  0/0     8:50   0:00   0:58 
Jonathon Merrill         0  0  0   1  0   1  1  1  0  0  0/0    20:01   0:00   0:55 
Kevin Shattenkirk        0  0  0   0  0   0  0  0  0  0  0/0     0:00   0:00   0:00 
Kirill Kaprizov          0  0  0   1  0   8  1  0  2  0  0/1    18:32   0:18   0:00 
Mattias Ekholm           0  1  1   2  0   2  2  4  0  0  0/0    22:09   0:18   0:55 
Michael Anderson         0  0  0  -1  0   2  1  0  0  2  0/0    20:48   0:08   1:04 
Ryan Nugent-Hopkins      1  0  1   1  0   3  1  0  1  1  1/1    18:32   0:18   0:00 
Tyler Johnson            0  0  0   2  0   2  3  1  0  0  1/4    13:46   0:00   0:58 
Zach Werenski            0  1  1  -1  0   1  1  0  0  0  0/0    21:13   0:08   0:00 

Players Stats for Oilers

Player Name              G  A  P  +/- PIM S  H  SB GA TA FO     MP     PP MP  PK MP  
------------------------------------------------------------------------------------
Ben Street               1  0  1   0  0   2  0  0  0  0  1/2     8:55   0:00   0:00 
Bobby Ryan               1  0  1   0  0   6  1  0  0  0  4/19   17:01   0:58   0:00 
Brandon Pirri            0  0  0   0  0   2  0  0  1  0  0/0     8:55   0:00   0:00 
Brendan Smith            0  0  0   1  0   2  2  0  0  0  0/0    12:04   0:00   0:00 
Cody Glass               0  0  0  -1  0   2  0  0  1  0  2/4    11:20   0:00   0:00 
Connor McDavid           0  0  0  -2  0   9  4  1  0  0  20/35  22:44   1:01   0:26 
Jake Gardiner            0  1  1   0  0   0  1  0  1  1  0/0    18:48   0:47   0:00 
James Neal               0  0  0  -1  0   0  2  0  0  0  0/0    11:20   0:00   0:00 
Jeff Skinner             0  0  0   0  0   1  1  0  1  0  0/0    17:01   0:58   0:00 
John Carlson             0  0  0  -4  0   1  2  4  0  3  0/0    29:21   1:12   0:26 
Jordan Oesterle          0  0  0   0  0   1  2  1  1  2  0/0    20:16   0:47   0:00 
Kyle Okposo              0  0  0  -2  0   1  1  1  1  1  0/1    22:18   1:01   0:00 
Luke Schenn              0  0  0   1  7   1  1  0  0  0  0/0    10:21   0:00   0:00 
Mark Giordano            0  0  0  -4  0   2  3  0  0  1  0/0    29:08   1:12   0:26 
Nathan Gerbe             0  0  0  -1  0   1  2  0  0  0  0/0    11:20   0:00   0:00 
Tim Stutzle              0  0  0  -2  0   3  1  0  1  1  0/3    22:44   1:01   0:26 
Tomas Nosek              0  1  1   0  0   0  4  0  0  1  0/1    17:01   0:58   0:00 
Zack Kassian             0  1  1   0  0   1  1  0  0  0  0/1     8:55   0:00   0:00 

3 Stars

1 - Conor Sheary (SEA)
2 - Andrew Mangiapane (SEA)
3 - Anders Lee (SEA)

Power Play

Kraken - 1 on 1 Attempt(s) - 100,00%
Oilers - 0 on 1 Attempt(s) - 0,00%

Penalty Kill

Kraken - 1 on 1 Attempt(s) - 100,00% - Score 0 goal in Penalty Kill
Oilers - 0 on 1 Attempt(s) - 0,00% - Score 0 goal in Penalty Kill

Team Stat

Kraken - Hits : 22 - Faceoff Wins : 39 - Blocked Shots : 13 - Penalty Minutes : 7
Oilers - Hits : 28 - Faceoff Wins : 27 - Blocked Shots : 7 - Penalty Minutes : 7

Official

Referees : Dean Morton and Francis Charron
Linesman : Scott Cherrey and Jaime Alary

Game Notes

Luke Schenn beats up Ben Chiarot at 6:01 of 2nd period

Finance

Level 1 -- Attendance: 4808 (80,13%) -- Ticket Income 504 840 $
Level 2 -- Attendance: 3971 (79,42%) -- Ticket Income 258 115 $
Level 3 -- Attendance: 1883 (94,15%) -- Ticket Income 71 554 $
Level 4 -- Attendance: 3455 (86,38%) -- Ticket Income 79 465 $
Luxury Box -- Attendance: 850 (85,00%) -- Ticket Income 161 500 $
Game was played at the Edmonton Coliseum.
Total Attendance: 14967 (83,15%)
Total Ticket Income: 1 075 474 $
Other Income: 526 982 $
Total Income: 1 602 456 $

Kraken

5 vs 5 Forward 
   Center                   Left Wing                Right Wing               Time % Phy DF OF 
 1 Chandler Stephenson      Ryan Nugent-Hopkins      Kirill Kaprizov          34     0   1  4  
 2 Jack Hughes              Anders Lee               Conor Garland            34     0   1  4  
 3 Tyler Johnson            Conor Sheary             Andrew Mangiapane        22     0   1  4  
 4 Blake Lizotte            Jimmy Vesey              Adam Erne                10     0   2  3  

5 vs 5 Defense 
   Defense                  Defense                                           Time % Phy DF OF 
 1 Mattias Ekholm           Ben Chiarot                                       34     0   2  3  
 2 Zach Werenski            Michael Anderson                                  34     0   2  3  
 3 Jonathon Merrill         Colin Miller                                      29     1   2  2  
 4 Mattias Ekholm           Zach Werenski                                     3      1   2  2  

PowerPlay Forward 
   Center                   Left Wing                Right Wing               Time % Phy DF OF 
 1 Chandler Stephenson      Ryan Nugent-Hopkins      Kirill Kaprizov          50     0   0  5  
 2 Jack Hughes              Anders Lee               Conor Garland            50     0   0  5  

PowerPlay Defense
   Defense                  Defense                                           Time % Phy DF OF 
 1 Mattias Ekholm           Colin Miller                                      50     0   1  4  
 2 Zach Werenski            Michael Anderson                                  50     0   1  4  

Penalty Kill 4 Players Forward 
   Center                   Wing                     Time % Phy DF OF 
 1 Blake Lizotte            Adam Erne                50     1   4  0  
 2 Tyler Johnson            Jimmy Vesey              50     1   4  0  

Penalty Kill 4 Players Defense
   Defense                  Defense                  Time % Phy DF OF 
 1 Mattias Ekholm           Jonathon Merrill         50     1   4  0  
 2 Ben Chiarot              Michael Anderson         50     1   4  0  

Penalty Kill - 3 Players Forward 
   Forward                                           Time % Phy DF OF 
 1 Blake Lizotte                                     50     1   2  2  
 2 Adam Erne                                         50     1   2  2  

Penalty Kill - 3 Players Defense
   Defense                  Defense                  Time % Phy DF OF 
 1 Mattias Ekholm           Zach Werenski            50     1   2  2  
 2 Ben Chiarot              Michael Anderson         50     1   2  2  

4 vs 4 Forward 
   Center                   Wing                     Time % Phy DF OF 
 1 Ryan Nugent-Hopkins      Anders Lee               50     0   1  4  
 2 Chandler Stephenson      Kirill Kaprizov          50     0   1  4  

4 vs 4 Defense
   Defense                  Defense                  Time % Phy DF OF 
 1 Mattias Ekholm           Colin Miller             50     1   2  2  
 2 Zach Werenski            Michael Anderson         50     1   2  2  

Last Minutes Offensive
   Center                   Left Wing                Right Wing               Defense                  Defense                  
   Chandler Stephenson      Ryan Nugent-Hopkins      Kirill Kaprizov          Mattias Ekholm           Zach Werenski            

Last Minutes Defensive
   Center                   Left Wing                Right Wing               Defense                  Defense                  
   Chandler Stephenson      Ryan Nugent-Hopkins      Kirill Kaprizov          Mattias Ekholm           Ben Chiarot              

Goaltenders
Starting : Igor Shesterkin          
Backup : Sergei Bobrovsky         

Extra Forwards
Normal : Chandler Stephenson, Ryan Nugent-Hopkins, Jack Hughes - PP : Ryan Nugent-Hopkins, Chandler Stephenson - PK : Jack Hughes
Extra Defensemen
Normal : Jonathon Merrill, Mattias Ekholm, Colin Miller - PP : Jonathon Merrill - PK : Colin Miller, Mattias Ekholm
Penalty Shots
Ben Chiarot, Conor Garland, Adam Erne, Conor Sheary, Ryan Nugent-Hopkins
Custom OT Lines Forwards
Ryan Nugent-Hopkins, Chandler Stephenson, Kirill Kaprizov, Conor Garland, Andrew Mangiapane, Jack Hughes, Anders Lee, Tyler Johnson, Adam Erne, Conor Sheary
Custom OT Lines Defensemen
Mattias Ekholm, Colin Miller, Ben Chiarot, Michael Anderson, Jonathon Merrill

Scratches
Matt Irwin (Healthy)

Oilers

5 vs 5 Forward 
   Center                   Left Wing                Right Wing               Time % Phy DF OF 
 1 Connor McDavid           Tim Stutzle              Kyle Okposo              40     1   2  2  
 2 Bobby Ryan               Jeff Skinner             Tomas Nosek              30     1   2  2  
 3 Cody Glass               James Neal               Nathan Gerbe             20     1   2  2  
 4 Ben Street               Brandon Pirri            Zack Kassian             10     1   2  2  

5 vs 5 Defense 
   Defense                  Defense                                           Time % Phy DF OF 
 1 John Carlson             Mark Giordano                                     40     1   2  2  
 2 Jordan Oesterle          Jake Gardiner                                     30     1   2  2  
 3 Brendan Smith            Luke Schenn                                       20     1   2  2  
 4 John Carlson             Mark Giordano                                     10     1   2  2  

PowerPlay Forward 
   Center                   Left Wing                Right Wing               Time % Phy DF OF 
 1 Connor McDavid           Tim Stutzle              Kyle Okposo              60     1   2  2  
 2 Bobby Ryan               Jeff Skinner             Tomas Nosek              40     1   2  2  

PowerPlay Defense
   Defense                  Defense                                           Time % Phy DF OF 
 1 John Carlson             Mark Giordano                                     60     1   2  2  
 2 Jordan Oesterle          Jake Gardiner                                     40     1   2  2  

Penalty Kill 4 Players Forward 
   Center                   Wing                     Time % Phy DF OF 
 1 Connor McDavid           Tim Stutzle              60     1   2  2  
 2 Kyle Okposo              Bobby Ryan               40     1   2  2  

Penalty Kill 4 Players Defense
   Defense                  Defense                  Time % Phy DF OF 
 1 John Carlson             Mark Giordano            60     1   2  2  
 2 Jordan Oesterle          Jake Gardiner            40     1   2  2  

Penalty Kill - 3 Players Forward 
   Forward                                           Time % Phy DF OF 
 1 Connor McDavid                                    60     1   2  2  
 2 Tim Stutzle                                       40     1   2  2  

Penalty Kill - 3 Players Defense
   Defense                  Defense                  Time % Phy DF OF 
 1 John Carlson             Mark Giordano            60     1   2  2  
 2 Jordan Oesterle          Jake Gardiner            40     1   2  2  

4 vs 4 Forward 
   Center                   Wing                     Time % Phy DF OF 
 1 Connor McDavid           Tim Stutzle              60     1   2  2  
 2 Kyle Okposo              Bobby Ryan               40     1   2  2  

4 vs 4 Defense
   Defense                  Defense                  Time % Phy DF OF 
 1 John Carlson             Mark Giordano            60     1   2  2  
 2 Jordan Oesterle          Jake Gardiner            40     1   2  2  

Last Minutes Offensive
   Center                   Left Wing                Right Wing               Defense                  Defense                  
   Connor McDavid           Tim Stutzle              Kyle Okposo              John Carlson             Mark Giordano            

Last Minutes Defensive
   Center                   Left Wing                Right Wing               Defense                  Defense                  
   Connor McDavid           Tim Stutzle              Kyle Okposo              John Carlson             Mark Giordano            

Goaltenders
Starting : Kaapo Kahkonen           
Backup : Joonas Korpisalo         

Extra Forwards
Normal : Cody Glass, James Neal, Ben Street - PP : Cody Glass, James Neal - PK : Ben Street
Extra Defensemen
Normal : Brendan Smith, Luke Schenn, Jordan Oesterle - PP : Brendan Smith - PK : Luke Schenn, Jordan Oesterle
Penalty Shots
Connor McDavid, Tim Stutzle, Kyle Okposo, Bobby Ryan, Cody Glass
Custom OT Lines Forwards
Connor McDavid, Tim Stutzle, Kyle Okposo, Bobby Ryan, Cody Glass, Jeff Skinner, Tomas Nosek, James Neal, Ben Street, Nathan Gerbe
Custom OT Lines Defensemen
John Carlson, Mark Giordano, Jordan Oesterle, Jake Gardiner, Brendan Smith

Scratches
Gaetan Haas (Healthy), Alex Biega (Healthy)

% Time on Ice - Kraken

Lines # - Real PCT - Wanted PCT - Time Play
Normal Forward
1 - 32% - 34% - 18:31
2 - 32% - 34% - 18:24
3 - 22% - 22% - 12:48
4 - 14% - 10% - 7:52
Normal Defense
1 - 34% - 34% - 19:35
2 - 34% - 34% - 19:36
3 - 29% - 29% - 16:59
4 - 2% - 3% - 1:25
PP Forward
1 - 69% - 50% - 0:18
2 - 31% - 50% - 0:08
PP Defense
1 - 69% - 50% - 0:18
2 - 31% - 50% - 0:08
PK Forward
1 - 51% - 50% - 1:01
2 - 49% - 50% - 0:58
PK Defense
1 - 46% - 50% - 0:55
2 - 54% - 50% - 1:04
PK3 Forward
1 - 0% - 50%
2 - 0% - 50%
PK3 Defense
1 - 0% - 50%
2 - 0% - 50%
44 Forward
1 - 0% - 50%
2 - 0% - 50%
44 Defense
1 - 0% - 50%
2 - 0% - 50%
Last Minute Offensive  - 0:00
Last Minute Defensive  - 0:00
Total
Forward - 60:00
Defense - 60:00

% Time on Ice - Oilers

Lines # - Real PCT - Wanted PCT - Time Play
Normal Forward
1 - 37% - 40% - 21:17
2 - 28% - 30% - 16:03
3 - 20% - 20% - 11:20
4 - 15% - 10% - 8:55
Normal Defense
1 - 39% - 40% - 22:15
2 - 31% - 30% - 18:01
3 - 21% - 20% - 12:04
4 - 9% - 10% - 5:15
PP Forward
1 - 51% - 60% - 1:01
2 - 49% - 40% - 0:58
PP Defense
1 - 61% - 60% - 1:12
2 - 39% - 40% - 0:47
PK Forward
1 - 100% - 60% - 0:26
2 - 0% - 40% - 0:00
PK Defense
1 - 100% - 60% - 0:26
2 - 0% - 40% - 0:00
PK3 Forward
1 - 0% - 60%
2 - 0% - 40%
PK3 Defense
1 - 0% - 60%
2 - 0% - 40%
44 Forward
1 - 0% - 60%
2 - 0% - 40%
44 Defense
1 - 0% - 60%
2 - 0% - 40%
Last Minute Offensive  - 0:00
Last Minute Defensive  - 0:00
Total
Forward - 60:00
Defense - 60:00

Play-by-Play

1st period


0:01 of 1st period - Chandler Stephenson wins face-off versus Connor McDavid in neutral zone.
0:03 of 1st period - Off-side.
0:04 of 1st period - Connor McDavid wins face-off versus Chandler Stephenson in neutral zone.
0:13 of 1st period - Wrist shot by Kirill Kaprizov.
0:13 of 1st period - Shot Misses the Net.
0:59 of 1st period - Snap shot by Connor McDavid.
0:59 of 1st period - Stopped by Igor Shesterkin with a rebound.
1:01 of 1st period - Slapshot by John Carlson.
1:01 of 1st period - Shot Blocked by Mattias Ekholm.
1:05 of 1st period - Wrist shot by Connor McDavid.
1:05 of 1st period - Stopped by Igor Shesterkin with a rebound.
1:09 of 1st period - Wrist shot by Connor McDavid.
1:09 of 1st period - Stopped by Igor Shesterkin without a rebound.
1:10 of 1st period - Bobby Ryan wins face-off versus Jack Hughes in Kraken zone.
1:32 of 1st period - Icing by Zach Werenski.
1:33 of 1st period - Blake Lizotte wins face-off versus Cody Glass in Kraken zone.
2:21 of 1st period - Chandler Stephenson is hit by Luke Schenn and loses puck.
2:30 of 1st period - Wrist shot by Chandler Stephenson.
2:30 of 1st period - Stopped by Kaapo Kahkonen with a rebound.
2:32 of 1st period - Snap shot by Jonathon Merrill.
2:32 of 1st period - Deflect By Ben Street.
2:32 of 1st period - Stopped by Kaapo Kahkonen with a rebound.
3:09 of 1st period - Icing by Blake Lizotte.
3:10 of 1st period - Blake Lizotte wins face-off versus Bobby Ryan in Kraken zone.
3:19 of 1st period - Mark Giordano is hit by Jimmy Vesey and loses puck.
3:24 of 1st period - Snap shot by Adam Erne.
3:24 of 1st period - Stopped by Kaapo Kahkonen without a rebound.
3:25 of 1st period - Cody Glass wins face-off versus Jack Hughes in Oilers zone.
3:33 of 1st period - Off-side.
3:34 of 1st period - Jack Hughes wins face-off versus Cody Glass in neutral zone.
3:41 of 1st period - Wrist shot by Anders Lee.
3:41 of 1st period - Shot Blocked by John Carlson.
3:49 of 1st period - Slapshot by John Carlson.
3:49 of 1st period - Shot Blocked by Jack Hughes.
3:51 of 1st period - Slapshot by Mark Giordano.
3:51 of 1st period - Shot Misses the Net.
3:53 of 1st period - Wrist shot by Nathan Gerbe.
3:53 of 1st period - Stopped by Igor Shesterkin with a rebound.
3:55 of 1st period - Backhand shot by Mark Giordano.
3:55 of 1st period - Shot Blocked by Mattias Ekholm.
3:57 of 1st period - Backhand shot by Mark Giordano.
3:57 of 1st period - Stopped by Igor Shesterkin without a rebound.
3:58 of 1st period - Chandler Stephenson wins face-off versus Bobby Ryan in Kraken zone.
4:24 of 1st period - Jordan Oesterle is hit by Colin Miller.
5:41 of 1st period - Wrist shot by Kirill Kaprizov.
5:41 of 1st period - Stopped by Kaapo Kahkonen without a rebound.
5:42 of 1st period - Connor McDavid wins face-off versus Chandler Stephenson in Oilers zone.
5:47 of 1st period - Wrist shot by Connor McDavid.
5:47 of 1st period - Stopped by Igor Shesterkin with a rebound.
6:01 of 1st period - Jake Gardiner is hit by Mattias Ekholm and loses puck.
6:14 of 1st period - Mattias Ekholm is hit by Bobby Ryan and loses puck.
6:43 of 1st period - Wrist shot by Brandon Pirri.
6:43 of 1st period - Stopped by Igor Shesterkin without a rebound.
6:44 of 1st period - Chandler Stephenson wins face-off versus Connor McDavid in Kraken zone.
6:44 of 1st period - Chandler Stephenson is hit by Mark Giordano.
7:43 of 1st period - Blake Lizotte is hit by Connor McDavid and loses puck.
8:04 of 1st period - Snap shot by Blake Lizotte.
8:04 of 1st period - Stopped by Kaapo Kahkonen with a rebound.
8:44 of 1st period - Slapshot by Zach Werenski.
8:44 of 1st period - Shot Misses the Net.
8:46 of 1st period - Wrist shot by Blake Lizotte.
8:46 of 1st period - Stopped by Kaapo Kahkonen without a rebound.
8:47 of 1st period - Bobby Ryan wins face-off versus Chandler Stephenson in Oilers zone.
9:14 of 1st period - Kirill Kaprizov is hit by Zack Kassian and loses puck.
9:48 of 1st period - Wrist shot by Anders Lee.
9:48 of 1st period - Shot Misses the Net.
9:50 of 1st period - Slapshot by Michael Anderson.
9:50 of 1st period - Stopped by Kaapo Kahkonen with a rebound.
9:52 of 1st period - Slapshot by Michael Anderson.
9:52 of 1st period - Shot Blocked by Jordan Oesterle.
9:54 of 1st period - Slapshot by Zach Werenski.
9:54 of 1st period - Shot Misses the Net.
11:02 of 1st period - Icing by Ben Street.
11:03 of 1st period - Jack Hughes wins face-off versus Bobby Ryan in Oilers zone.
11:10 of 1st period - Snap shot by Bobby Ryan.
11:10 of 1st period - Stopped by Igor Shesterkin with a rebound.
11:12 of 1st period - Wrist shot by Tomas Nosek.
11:12 of 1st period - Deflect By Bobby Ryan.
11:12 of 1st period - Goal by Bobby Ryan - Kraken : 0 - Oilers : 1.
11:13 of 1st period - Chandler Stephenson wins face-off versus Bobby Ryan in neutral zone.
11:39 of 1st period - Icing by Bobby Ryan.
11:40 of 1st period - Jack Hughes wins face-off versus Bobby Ryan in Oilers zone.
11:49 of 1st period - Wrist shot by Tomas Nosek.
11:49 of 1st period - Shot Misses the Net.
11:51 of 1st period - Snap shot by Bobby Ryan.
11:51 of 1st period - Shot Blocked by Jonathon Merrill.
11:53 of 1st period - Wrist shot by Mark Giordano.
11:53 of 1st period - Stopped by Igor Shesterkin without a rebound.
11:54 of 1st period - Connor McDavid wins face-off versus Chandler Stephenson in Kraken zone.
11:55 of 1st period - Wrist shot by Tim Stutzle.
11:55 of 1st period - Stopped by Igor Shesterkin without a rebound.
11:56 of 1st period - Chandler Stephenson wins face-off versus Tim Stutzle in Kraken zone.
12:07 of 1st period - Snap shot by Ryan Nugent-Hopkins.
12:07 of 1st period - Shot Blocked by Kyle Okposo.
13:25 of 1st period - Zack Kassian is hit by Colin Miller and loses puck.
13:42 of 1st period - Anders Lee is hit by Nathan Gerbe and loses puck.
14:05 of 1st period - Jeff Skinner is hit by Zach Werenski and loses puck.
14:26 of 1st period - Tim Stutzle is hit by Ryan Nugent-Hopkins and loses puck.
14:33 of 1st period - Zach Werenski is hit by Jordan Oesterle and loses puck.
15:16 of 1st period - Wrist shot by Bobby Ryan.
15:16 of 1st period - Stopped by Igor Shesterkin with a rebound.
15:18 of 1st period - Snap shot by Jeff Skinner.
15:18 of 1st period - Stopped by Igor Shesterkin with a rebound.
15:20 of 1st period - Snap shot by Bobby Ryan.
15:20 of 1st period - Shot Misses the Net.
15:22 of 1st period - Slapshot by John Carlson.
15:22 of 1st period - Shot Blocked by Jimmy Vesey.
15:24 of 1st period - Wrist shot by Jeff Skinner.
15:24 of 1st period - Shot Misses the Net.
15:54 of 1st period - Snap shot by Jack Hughes.
15:54 of 1st period - Stopped by Kaapo Kahkonen without a rebound.
15:55 of 1st period - Jack Hughes wins face-off versus Bobby Ryan in Oilers zone.
16:28 of 1st period - Wrist shot by Cody Glass.
16:28 of 1st period - Stopped by Igor Shesterkin without a rebound.
16:29 of 1st period - Chandler Stephenson wins face-off versus Connor McDavid in Kraken zone.
16:35 of 1st period - Icing by Ryan Nugent-Hopkins.
16:36 of 1st period - Connor McDavid wins face-off versus Chandler Stephenson in Kraken zone.
16:43 of 1st period - Snap shot by Ryan Nugent-Hopkins.
16:43 of 1st period - Shot Misses the Net.
16:45 of 1st period - Snap shot by Chandler Stephenson.
16:45 of 1st period - Deflect By Kirill Kaprizov.
16:45 of 1st period - Stopped by Kaapo Kahkonen without a rebound.
16:46 of 1st period - Anders Lee wins face-off versus Connor McDavid in Oilers zone.
17:39 of 1st period - Wrist shot by John Carlson.
17:39 of 1st period - Stopped by Igor Shesterkin with a rebound.
17:41 of 1st period - Wrist shot by Ben Street.
17:41 of 1st period - Stopped by Igor Shesterkin without a rebound.
17:42 of 1st period - Connor McDavid wins face-off versus Jack Hughes in Kraken zone.
17:57 of 1st period - Snap shot by Connor McDavid.
17:57 of 1st period - Stopped by Igor Shesterkin without a rebound.
17:58 of 1st period - Ryan Nugent-Hopkins wins face-off versus Bobby Ryan in Kraken zone.
17:58 of 1st period - Ryan Nugent-Hopkins is hit by Tomas Nosek.
18:12 of 1st period - Snap shot by Chandler Stephenson.
18:12 of 1st period - Shot Misses the Net.
18:24 of 1st period - Jack Hughes is hit by Jordan Oesterle and loses puck.
18:29 of 1st period - Snap shot by Connor McDavid.
18:29 of 1st period - Stopped by Igor Shesterkin with a rebound.
18:31 of 1st period - Slapshot by John Carlson.
18:31 of 1st period - Shot Blocked by Colin Miller.
18:33 of 1st period - Slapshot by John Carlson.
18:33 of 1st period - Shot Misses the Net.
18:35 of 1st period - Slapshot by Mark Giordano.
18:35 of 1st period - Shot Misses the Net.
18:37 of 1st period - Snap shot by John Carlson.
18:37 of 1st period - Deflect By Connor McDavid.
18:37 of 1st period - Stopped by Igor Shesterkin with a rebound.
18:57 of 1st period - Slapshot by Conor Sheary.
18:57 of 1st period - Shot Misses the Net.
19:11 of 1st period - Slapshot by Mattias Ekholm.
19:11 of 1st period - Deflect By John Carlson.
19:11 of 1st period - Stopped by Kaapo Kahkonen with a rebound.
19:14 of 1st period - Icing by Mark Giordano.
19:15 of 1st period - Chandler Stephenson wins face-off versus Ben Street in Oilers zone.
19:44 of 1st period - Snap shot by Connor McDavid.
19:44 of 1st period - Stopped by Igor Shesterkin with a rebound.
19:46 of 1st period - Snap shot by Kyle Okposo.
19:46 of 1st period - Stopped by Igor Shesterkin without a rebound.
19:47 of 1st period - Connor McDavid wins face-off versus Jack Hughes in Kraken zone.
Goals for this period are 0 for Kraken vs 1 for Oilers.
Shots for this period are 10 for Kraken vs 21 for Oilers.

2nd period


0:01 of 2nd period - Tyler Johnson wins face-off versus Connor McDavid in neutral zone.
0:50 of 2nd period - Snap shot by Anders Lee.
0:50 of 2nd period - Shot Misses the Net.
1:10 of 2nd period - Slapshot by Brandon Pirri.
1:10 of 2nd period - Stopped by Igor Shesterkin with a rebound.
1:12 of 2nd period - Slapshot by Brendan Smith.
1:12 of 2nd period - Stopped by Igor Shesterkin without a rebound.
1:13 of 2nd period - Connor McDavid wins face-off versus Chandler Stephenson in Kraken zone.
1:26 of 2nd period - Wrist shot by Chandler Stephenson.
1:26 of 2nd period - Stopped by Kaapo Kahkonen with a rebound.
1:53 of 2nd period - Minor Penalty to Luke Schenn for Hooking.
1:54 of 2nd period - Connor McDavid wins face-off versus Kirill Kaprizov in Oilers zone.
2:11 of 2nd period - Snap shot by Kirill Kaprizov.
2:11 of 2nd period - Deflect By Connor McDavid.
2:11 of 2nd period - Shot Misses the Net.
2:11 of 2nd period - Puck is out of play.
2:12 of 2nd period - Jack Hughes wins face-off versus Tim Stutzle in Oilers zone.
2:13 of 2nd period - Wrist shot by Conor Garland.
2:13 of 2nd period - Stopped by Kaapo Kahkonen with a rebound.
2:19 of 2nd period - Snap shot by Anders Lee.
2:19 of 2nd period - Goal by Anders Lee - Kraken : 1 - Oilers : 1.
2:20 of 2nd period - Connor McDavid wins face-off versus Tyler Johnson in neutral zone.
3:13 of 2nd period - Snap shot by Conor Garland.
3:13 of 2nd period - Shot Misses the Net.
4:06 of 2nd period - Snap shot by Connor McDavid.
4:06 of 2nd period - Stopped by Igor Shesterkin with a rebound.
4:18 of 2nd period - Kirill Kaprizov is hit by Tomas Nosek and loses puck.
4:37 of 2nd period - Slapshot by Jack Hughes.
4:37 of 2nd period - Stopped by Kaapo Kahkonen with a rebound.
4:39 of 2nd period - Slapshot by Anders Lee.
4:39 of 2nd period - Stopped by Kaapo Kahkonen without a rebound.
4:40 of 2nd period - Jack Hughes wins face-off versus Connor McDavid in Oilers zone.
4:43 of 2nd period - Wrist shot by Conor Garland.
4:43 of 2nd period - Stopped by Kaapo Kahkonen without a rebound.
4:44 of 2nd period - Connor McDavid wins face-off versus Jack Hughes in Oilers zone.
4:59 of 2nd period - Jack Hughes is hit by Connor McDavid.
5:53 of 2nd period - Icing by Mark Giordano.
5:54 of 2nd period - Blake Lizotte wins face-off versus Zack Kassian in Oilers zone.
5:54 of 2nd period - Mattias Ekholm is hit by Brendan Smith and loses puck.
6:01 of 2nd period - Luke Schenn beats up Ben Chiarot.
6:01 of 2nd period - Penalty to Luke Schenn for Fighting.
6:01 of 2nd period - Penalty to Ben Chiarot for Fighting.
6:02 of 2nd period - Chandler Stephenson wins face-off versus Connor McDavid in Oilers zone.
6:11 of 2nd period - Wrist shot by Kirill Kaprizov.
6:11 of 2nd period - Stopped by Kaapo Kahkonen with a rebound.
6:13 of 2nd period - Snap shot by Ryan Nugent-Hopkins.
6:13 of 2nd period - Stopped by Kaapo Kahkonen without a rebound.
6:14 of 2nd period - Jack Hughes wins face-off versus Connor McDavid in Oilers zone.
6:23 of 2nd period - Snap shot by Jack Hughes.
6:23 of 2nd period - Stopped by Kaapo Kahkonen with a rebound.
6:25 of 2nd period - Wrist shot by Conor Garland.
6:25 of 2nd period - Shot Misses the Net.
6:27 of 2nd period - Slapshot by Mattias Ekholm.
6:27 of 2nd period - Deflect By Jack Hughes.
6:27 of 2nd period - Stopped by Kaapo Kahkonen without a rebound.
6:28 of 2nd period - Chandler Stephenson wins face-off versus Bobby Ryan in Oilers zone.
6:29 of 2nd period - Slapshot by Ryan Nugent-Hopkins.
6:29 of 2nd period - Shot Blocked by John Carlson.
7:03 of 2nd period - Zach Werenski is hit by Brendan Smith.
7:26 of 2nd period - Wrist shot by Brandon Pirri.
7:26 of 2nd period - Deflect By Ben Street.
7:26 of 2nd period - Shot Blocked by Mattias Ekholm.
7:26 of 2nd period - Puck is out of play.
7:27 of 2nd period - Chandler Stephenson wins face-off versus Connor McDavid in Kraken zone.
8:00 of 2nd period - Snap shot by Tyler Johnson.
8:00 of 2nd period - Stopped by Kaapo Kahkonen without a rebound.
8:01 of 2nd period - Bobby Ryan wins face-off versus Tyler Johnson in Oilers zone.
8:10 of 2nd period - Snap shot by Jeff Skinner.
8:10 of 2nd period - Shot Misses the Net.
8:37 of 2nd period - Snap shot by Jeff Skinner.
8:37 of 2nd period - Shot Blocked by Colin Miller.
8:39 of 2nd period - Snap shot by Bobby Ryan.
8:39 of 2nd period - Shot Misses the Net.
8:43 of 2nd period - Snap shot by Bobby Ryan.
8:43 of 2nd period - Stopped by Igor Shesterkin with a rebound.
8:45 of 2nd period - Slapshot by Jordan Oesterle.
8:45 of 2nd period - Stopped by Igor Shesterkin without a rebound.
8:46 of 2nd period - Connor McDavid wins face-off versus Jack Hughes in Kraken zone.
9:11 of 2nd period - Mark Giordano is hit by Chandler Stephenson and loses puck.
10:23 of 2nd period - Michael Anderson is hit by John Carlson and loses puck.
11:00 of 2nd period - Jonathon Merrill is hit by Nathan Gerbe and loses puck.
12:04 of 2nd period - Jonathon Merrill is hit by James Neal and loses puck.
12:23 of 2nd period - Snap shot by Tim Stutzle.
12:23 of 2nd period - Stopped by Igor Shesterkin with a rebound.
12:25 of 2nd period - Slapshot by Tim Stutzle.
12:25 of 2nd period - Deflect By Conor Garland.
12:25 of 2nd period - Shot Blocked by Jack Hughes.
12:25 of 2nd period - Puck is out of play.
12:26 of 2nd period - Connor McDavid wins face-off versus Chandler Stephenson in Kraken zone.
12:27 of 2nd period - Wrist shot by Tim Stutzle.
12:27 of 2nd period - Shot Misses the Net.
12:30 of 2nd period - Icing by Ryan Nugent-Hopkins.
12:31 of 2nd period - Connor McDavid wins face-off versus Chandler Stephenson in Kraken zone.
12:38 of 2nd period - Tim Stutzle is hit by Chandler Stephenson and loses puck.
14:01 of 2nd period - Jack Hughes is hit by Connor McDavid and loses puck.
14:08 of 2nd period - Kyle Okposo is hit by Anders Lee and loses puck.
15:03 of 2nd period - Wrist shot by Conor Garland.
15:03 of 2nd period - Stopped by Kaapo Kahkonen without a rebound.
15:04 of 2nd period - Chandler Stephenson wins face-off versus Bobby Ryan in Oilers zone.
15:56 of 2nd period - Slapshot by Zach Werenski.
15:56 of 2nd period - Stopped by Kaapo Kahkonen without a rebound.
15:57 of 2nd period - Ben Street wins face-off versus Blake Lizotte in Oilers zone.
16:28 of 2nd period - Snap shot by Bobby Ryan.
16:28 of 2nd period - Stopped by Igor Shesterkin with a rebound.
16:30 of 2nd period - Slapshot by Luke Schenn.
16:30 of 2nd period - Stopped by Igor Shesterkin without a rebound.
16:31 of 2nd period - Cody Glass wins face-off versus Chandler Stephenson in Kraken zone.
16:35 of 2nd period - Minor Penalty to Chandler Stephenson for Interference.
16:36 of 2nd period - Connor McDavid wins face-off versus Blake Lizotte in Kraken zone.
16:46 of 2nd period - Tim Stutzle is hit by Tyler Johnson and loses puck.
17:01 of 2nd period - Mattias Ekholm is hit by Jeff Skinner and loses puck.
17:51 of 2nd period - Icing by Mark Giordano.
17:52 of 2nd period - Bobby Ryan wins face-off versus Blake Lizotte in Oilers zone.
17:52 of 2nd period - Bobby Ryan is hit by Michael Anderson.
18:10 of 2nd period - Blake Lizotte is hit by Tim Stutzle and loses puck.
18:35 of 2nd period - Penalty to Chandler Stephenson is over, Chandler Stephenson is back on ice.
18:47 of 2nd period - Wrist shot by Zack Kassian.
18:47 of 2nd period - Shot Blocked by Blake Lizotte.
18:51 of 2nd period - Snap shot by Ben Street.
18:51 of 2nd period - Goal by Ben Street - Kraken : 1 - Oilers : 2.
18:52 of 2nd period - Chandler Stephenson wins face-off versus Connor McDavid in neutral zone.
18:55 of 2nd period - Connor McDavid is hit by Chandler Stephenson and loses puck.
19:20 of 2nd period - Jeff Skinner is hit by Jonathon Merrill and loses puck.
Goals for this period are 1 for Kraken vs 1 for Oilers.
Shots for this period are 13 for Kraken vs 9 for Oilers.

3rd period


0:01 of 3rd period - Chandler Stephenson wins face-off versus Tim Stutzle in neutral zone.
0:26 of 3rd period - Ryan Nugent-Hopkins is hit by James Neal and loses puck.
1:10 of 3rd period - Snap shot by Ben Street.
1:10 of 3rd period - Shot Blocked by Tyler Johnson.
1:30 of 3rd period - Adam Erne is hit by Kyle Okposo and loses puck.
2:42 of 3rd period - Adam Erne is hit by John Carlson and loses puck.
3:21 of 3rd period - Slapshot by John Carlson.
3:21 of 3rd period - Shot Blocked by Mattias Ekholm.
3:27 of 3rd period - Zack Kassian is hit by Conor Sheary.
3:42 of 3rd period - Snap shot by Ryan Nugent-Hopkins.
3:42 of 3rd period - Goal by Ryan Nugent-Hopkins - Kraken : 2 - Oilers : 2.
3:43 of 3rd period - Chandler Stephenson wins face-off versus Connor McDavid in neutral zone.
4:37 of 3rd period - Snap shot by Conor Sheary.
4:37 of 3rd period - Goal by Conor Sheary - Kraken : 3 - Oilers : 2.
4:38 of 3rd period - Chandler Stephenson wins face-off versus Connor McDavid in neutral zone.
5:03 of 3rd period - Snap shot by Bobby Ryan.
5:03 of 3rd period - Stopped by Igor Shesterkin without a rebound.
5:04 of 3rd period - Conor Garland wins face-off versus Bobby Ryan in Kraken zone.
6:12 of 3rd period - Slapshot by Zack Kassian.
6:12 of 3rd period - Stopped by Igor Shesterkin without a rebound.
6:13 of 3rd period - Connor McDavid wins face-off versus Blake Lizotte in Kraken zone.
7:25 of 3rd period - Wrist shot by Conor Sheary.
7:25 of 3rd period - Deflect By Tyler Johnson.
7:25 of 3rd period - Stopped by Kaapo Kahkonen without a rebound.
7:26 of 3rd period - Connor McDavid wins face-off versus Tyler Johnson in Oilers zone.
8:00 of 3rd period - Slapshot by Bobby Ryan.
8:00 of 3rd period - Shot Misses the Net.
8:12 of 3rd period - Snap shot by Jack Hughes.
8:12 of 3rd period - Shot Misses the Net.
8:14 of 3rd period - Slapshot by Anders Lee.
8:14 of 3rd period - Stopped by Kaapo Kahkonen without a rebound.
8:15 of 3rd period - Connor McDavid wins face-off versus Jack Hughes in Oilers zone.
8:40 of 3rd period - Mark Giordano is hit by Chandler Stephenson.
10:00 of 3rd period - Colin Miller is hit by Jake Gardiner and loses puck.
10:57 of 3rd period - Mattias Ekholm is hit by Mark Giordano and loses puck.
11:08 of 3rd period - Tomas Nosek is hit by Blake Lizotte and loses puck.
11:33 of 3rd period - James Neal is hit by Chandler Stephenson and loses puck.
11:53 of 3rd period - Connor McDavid is hit by Colin Miller and loses puck.
12:17 of 3rd period - Backhand shot by Tim Stutzle.
12:17 of 3rd period - Stopped by Igor Shesterkin with a rebound.
12:25 of 3rd period - Snap shot by Tim Stutzle.
12:25 of 3rd period - Deflect By Connor McDavid.
12:25 of 3rd period - Shot Blocked by Ben Chiarot.
12:25 of 3rd period - Puck is out of play.
12:26 of 3rd period - Chandler Stephenson wins face-off versus Bobby Ryan in Kraken zone.
12:30 of 3rd period - Off-side.
12:31 of 3rd period - Chandler Stephenson wins face-off versus Tomas Nosek in neutral zone.
13:08 of 3rd period - Snap shot by Brendan Smith.
13:08 of 3rd period - Stopped by Igor Shesterkin with a rebound.
13:18 of 3rd period - John Carlson is hit by Tyler Johnson and loses puck.
13:41 of 3rd period - John Carlson is hit by Kirill Kaprizov and loses puck.
13:48 of 3rd period - Slapshot by Ryan Nugent-Hopkins.
13:48 of 3rd period - Stopped by Kaapo Kahkonen with a rebound.
13:50 of 3rd period - Snap shot by Ryan Nugent-Hopkins.
13:50 of 3rd period - Deflect By Kirill Kaprizov.
13:50 of 3rd period - Stopped by Kaapo Kahkonen with a rebound.
13:52 of 3rd period - Slapshot by Mattias Ekholm.
13:52 of 3rd period - Shot Misses the Net.
14:02 of 3rd period - John Carlson is hit by Mattias Ekholm and loses puck.
14:09 of 3rd period - Snap shot by Adam Erne.
14:09 of 3rd period - Goal by Adam Erne - Kraken : 4 - Oilers : 2.
14:10 of 3rd period - Chandler Stephenson wins face-off versus Bobby Ryan in neutral zone.
14:17 of 3rd period - Slapshot by Kirill Kaprizov.
14:17 of 3rd period - Deflect By Jordan Oesterle.
14:17 of 3rd period - Stopped by Kaapo Kahkonen with a rebound.
14:23 of 3rd period - Ryan Nugent-Hopkins is hit by Tomas Nosek and loses puck.
14:46 of 3rd period - Wrist shot by Cody Glass.
14:46 of 3rd period - Stopped by Igor Shesterkin without a rebound.
14:47 of 3rd period - Conor Sheary wins face-off versus Connor McDavid in Kraken zone.
14:47 of 3rd period - Conor Sheary is hit by Connor McDavid.
15:39 of 3rd period - Wrist shot by Conor Garland.
15:39 of 3rd period - Shot Blocked by John Carlson.
15:41 of 3rd period - Snap shot by Anders Lee.
15:41 of 3rd period - Shot Misses the Net.
15:43 of 3rd period - Snap shot by Jack Hughes.
15:43 of 3rd period - Goal by Jack Hughes - Kraken : 5 - Oilers : 2.
15:44 of 3rd period - Connor McDavid wins face-off versus Chandler Stephenson in neutral zone.
15:53 of 3rd period - Snap shot by Kirill Kaprizov.
15:53 of 3rd period - Shot Misses the Net.
15:55 of 3rd period - Slapshot by Mattias Ekholm.
15:55 of 3rd period - Stopped by Kaapo Kahkonen without a rebound.
15:56 of 3rd period - Jack Hughes wins face-off versus Connor McDavid in Oilers zone.
15:57 of 3rd period - Wrist shot by Conor Garland.
15:57 of 3rd period - Deflect By Jack Hughes.
15:57 of 3rd period - Shot Misses the Net.
15:57 of 3rd period - Puck is out of play.
15:58 of 3rd period - Jack Hughes wins face-off versus Connor McDavid in Oilers zone.
16:03 of 3rd period - Slapshot by Jack Hughes.
16:03 of 3rd period - Stopped by Kaapo Kahkonen with a rebound.
16:05 of 3rd period - Wrist shot by Ben Chiarot.
16:05 of 3rd period - Shot Blocked by Connor McDavid.
16:07 of 3rd period - Snap shot by Jack Hughes.
16:07 of 3rd period - Shot Misses the Net.
16:09 of 3rd period - Wrist shot by Jack Hughes.
16:09 of 3rd period - Shot Misses the Net.
16:11 of 3rd period - Snap shot by Conor Garland.
16:11 of 3rd period - Stopped by Kaapo Kahkonen with a rebound.
16:13 of 3rd period - Slapshot by Mattias Ekholm.
16:13 of 3rd period - Shot Misses the Net.
16:25 of 3rd period - John Carlson is hit by Tyler Johnson and loses puck.
16:34 of 3rd period - Snap shot by Conor Sheary.
16:34 of 3rd period - Deflect By Andrew Mangiapane.
16:34 of 3rd period - Goal by Andrew Mangiapane - Kraken : 6 - Oilers : 2.
16:35 of 3rd period - Chandler Stephenson wins face-off versus Bobby Ryan in neutral zone.
16:42 of 3rd period - Wrist shot by Kirill Kaprizov.
16:42 of 3rd period - Stopped by Kaapo Kahkonen with a rebound.
16:44 of 3rd period - Slapshot by Ryan Nugent-Hopkins.
16:44 of 3rd period - Shot Blocked by John Carlson.
16:46 of 3rd period - Slapshot by Michael Anderson.
16:46 of 3rd period - Deflect By Jeff Skinner.
16:46 of 3rd period - Stopped by Kaapo Kahkonen with a rebound.
16:48 of 3rd period - Wrist shot by Chandler Stephenson.
16:48 of 3rd period - Shot Misses the Net.
17:02 of 3rd period - Anders Lee is hit by Mark Giordano and loses puck.
17:33 of 3rd period - Backhand shot by Nathan Gerbe.
17:33 of 3rd period - Shot Misses the Net.
17:54 of 3rd period - Slapshot by Colin Miller.
17:54 of 3rd period - Stopped by Kaapo Kahkonen without a rebound.
17:55 of 3rd period - Chandler Stephenson wins face-off versus Kyle Okposo in Oilers zone.
18:29 of 3rd period - Slapshot by Kirill Kaprizov.
18:29 of 3rd period - Stopped by Kaapo Kahkonen with a rebound.
18:31 of 3rd period - Snap shot by Kirill Kaprizov.
18:31 of 3rd period - Stopped by Kaapo Kahkonen with a rebound.
18:44 of 3rd period - Off-side.
18:45 of 3rd period - Jack Hughes wins face-off versus Bobby Ryan in neutral zone.
18:52 of 3rd period - Snap shot by Jack Hughes.
18:52 of 3rd period - Stopped by Kaapo Kahkonen without a rebound.
18:53 of 3rd period - Connor McDavid wins face-off versus Jack Hughes in Oilers zone.
19:11 of 3rd period - Off-side.
19:12 of 3rd period - Chandler Stephenson wins face-off versus Bobby Ryan in neutral zone.
19:28 of 3rd period - Off-side.
19:29 of 3rd period - Connor McDavid wins face-off versus Jack Hughes in neutral zone.
19:54 of 3rd period - Jonathon Merrill is hit by Tomas Nosek.
Goals for this period are 5 for Kraken vs 0 for Oilers.
Shots for this period are 19 for Kraken vs 5 for Oilers. Output by the SimonT Hockey Simulator (STHS) for Alexandre Lamarre - Original Page W3C HTML5 Valid
Hockey Simulator - Hockey Simulation - Hockey Manager